AoeStats
← Erickinio

Arena

509387254Analyzed
4v4 RM · 5d ago on Sep 26, 2026· 42m 9s· 8 players
Game mode
Random Map
Map size
Large (8 player)
Population
200
Speed
Normal
Resources
Standard
Victory
Conquest
Starting age
Dark Age
Ending age
Imperial Age
RankedLock teamsTeams togetherTeam positionsShared explorationLock speedFull tech treeHidden civsTurbo modeCheats
Victory
Defeat
🇬🇧 Persians · United Kingdom
1043
+14
🇮🇱 Varangians · Israel
1030
+15
🇫🇷 Portuguese · France
1018
+15
🇦🇷 Celts · Argentina
941
+19
🇦🇹 Poles · Austria
1014
-16
🇫🇷 Persians · France
1000
-48
🇪🇸 Saxons · Spain
998
-16
🇹🇷 Jurchens · Türkiye
996
-15
squeezecheese21
11:16 Feudal Age
11:46 Town Watch
12:38 Wheelbarrow
11:50 Double-Bit Axe
11:46 Horse Collar
16:21 Stone Mining
17:57 Gold Mining
18:10 Padded Archer Armor
20:56 Castle Age
19:25 Forging
19:15 Scale Mail Armor
20:10 Fletching
21:44 Squires
22:24 Iron Casting
21:53 Heavy Plow
22:06 Bow Saw
23:06 Leather Archer Armor
24:45 Gold Shaft Mining
27:03 Chain Mail Armor
28:11 Bodkin Arrow
29:20 Fortified Wall
29:29 Loom
30:12 Loom
30:43 Hand Cart
34:47 Imperial Age
34:18 Ballistics
34:06 Siege Engineers
34:02 Pikeman
35:58 Pikeman
HectordevisV2
6:29 Loom
9:54 Feudal Age
10:14 Double-Bit Axe
10:12 Horse Collar
18:41 Castle Age
18:17 Gold Mining
20:31 Crossbowman
22:10 Stone Mining
23:05 Wheelbarrow
Bander
11:35 Feudal Age
9:54 Loom
16:15 Castle Age
14:07 Double-Bit Axe
14:04 Horse Collar
14:34 Stone Mining
23:43 Gold Mining
25:31 Wheelbarrow
27:42 Gold Shaft Mining
27:17 Heavy Plow
27:43 Town Watch
28:16 Hand Cart
28:18 Treadmill Crane
29:13 Bow Saw
29:37 Town Patrol
33:21 Imperial Age
32:19 Fortified Wall
32:21 Masonry
32:26 Forging
32:17 Scale Mail Armor
32:07 Fletching
32:50 Squires
32:36 Gambesons
32:37 Arson
33:47 Iron Casting
33:14 Padded Archer Armor
33:23 Scale Barding Armor
33:08 Crossbowman
33:55 Thumb Ring
33:57 Devotion
33:43 Elite Varangian Guard
34:45 Conscription
33:46 Shield Wall
35:20 Crop Rotation
35:32 Chain Barding Armor
35:31 Chain Mail Armor
35:16 Bodkin Arrow
35:36 Leather Archer Armor
36:43 Two-Man Saw
36:10 Ballistics
36:59 Chemistry
36:27 Bracer
36:36 Arbalester
39:06 Ring Archer Armor
39:13 Architecture
39:20 Plate Mail Armor
Mr.MoneyBoy
11:21 Feudal Age
12:38 Horse Collar
15:56 Castle Age
13:55 Double-Bit Axe
17:56 Heavy Plow
18:08 Bow Saw
23:52 Wheelbarrow
23:03 Town Watch
23:05 Loom
23:13 Gold Mining
23:13 Stone Mining
24:34 Fervor
27:21 Stone Shaft Mining
26:59 Squires
26:45 Arson
27:12 Forging
27:03 Scale Mail Armor
27:08 Scale Barding Armor
26:55 Fletching
29:52 Imperial Age
27:38 Hand Cart
27:24 Town Patrol
28:21 Bloodlines
28:12 Husbandry
30:12 Ballistics
30:02 Fortified Wall
30:03 Masonry
29:34 Treadmill Crane
30:08 Masonry
30:08 Fortified Wall
29:54 Murder Holes
31:08 Iron Casting
30:48 Chain Mail Armor
30:29 Bodkin Arrow
30:58 Conscription
30:05 Elite Obuch
31:22 Hoardings
32:01 Chemistry
33:29 Blast Furnace
33:28 Plate Mail Armor
32:53 Bodkin Arrow
34:17 Chain Barding Armor
34:04 Siege Engineers
34:55 Crop Rotation
35:47 Lechitic Legacy
34:53 Light Cavalry
36:03 Winged Hussar
36:47 Bracer
BernickHodor
12:51 Feudal Age
13:30 Horse Collar
14:45 Wheelbarrow
14:54 Double-Bit Axe
18:04 Castle Age
16:17 Gold Mining
17:43 Stone Mining
18:41 Scale Mail Armor
19:19 Heavy Plow
19:32 Bow Saw
20:09 Gambesons
21:15 Hand Cart
20:25 Pikeman
20:32 Pikeman
22:04 Forging
24:09 Stone Shaft Mining
23:56 Padded Archer Armor
29:15 Arson
32:46 Imperial Age
31:57 Caravan
33:47 Chain Mail Armor
34:36 Chemistry
33:44 Siege Engineers
34:20 Crop Rotation
35:05 Two-Man Saw
34:38 Conscription
36:24 Ballistics
37:25 Masonry
37:11 Elite Organ Gun
38:03 Thumb Ring
38:54 Plate Mail Armor
39:07 Leather Archer Armor
41:21 Arquebus
BGz x LH
7:43 Loom
9:29 Feudal Age
11:38 Loom
14:21 Castle Age
12:43 Double-Bit Axe
13:21 Horse Collar
15:56 Bow Saw
15:57 Heavy Plow
21:06 Wheelbarrow
21:01 Gold Mining
22:35 Hand Cart
23:57 Forging
23:37 Fletching
24:24 Scale Barding Armor
24:48 Bloodlines
24:38 Husbandry
25:48 Gold Shaft Mining
25:05 Stone Mining
25:07 Town Watch
26:37 Iron Casting
26:23 Chain Barding Armor
28:07 Town Patrol
30:59 Imperial Age
31:15 Ballistics
31:44 Stone Shaft Mining
30:46 Cavalier
32:29 Blast Furnace
32:33 Chemistry
31:51 Savar
33:32 Plate Barding Armor
Blazzer723
0:36 Loom
11:23 Feudal Age
11:52 Double-Bit Axe
11:49 Horse Collar
12:28 Gold Mining
20:29 Castle Age
18:41 Stone Mining
20:06 Forging
20:29 Scale Mail Armor
20:36 Scale Barding Armor
21:26 Bow Saw
23:04 Wheelbarrow
25:48 Stone Shaft Mining
27:09 Hand Cart
29:59 Iron Casting
29:58 Heavy Plow
30:23 Hand Cart
30:55 Chain Barding Armor
35:27 Imperial Age
33:56 Fortified Wall
38:07 Blast Furnace
37:44 Plate Barding Armor
37:25 Chain Mail Armor
37:35 Conscription
37:04 Elite Jarl
Erickinio
11:16 Feudal Age
11:33 Loom
12:02 Double-Bit Axe
13:20 Wheelbarrow
14:50 Forging
19:51 Castle Age
18:44 Stone Mining
19:13 Gold Mining
19:42 Man-at-Arms
20:24 Scale Mail Armor
25:33 Arson
27:08 Gambesons
26:43 Long Swordsman
28:51 Chain Mail Armor
29:40 Hand Cart
29:50 Pikeman
32:36 Iron Casting
33:00 Gold Shaft Mining
33:01 Stone Shaft Mining
32:43 Caravan
36:30 Imperial Age
34:10 Murder Holes
34:57 Stronghold
35:34 Fletching
35:59 Fortified Wall
36:44 Bow Saw
36:34 Horse Collar
37:07 Masonry
37:00 Bodkin Arrow
37:05 Padded Archer Armor
38:15 Conscription
38:07 Furor Celtica
38:41 Town Watch
39:19 Halberdier
Connection lost

Rejoining the realm…

Still unreachable

The connection could not be restored.

Session expired

The server has moved on; the page needs a fresh start.